 Dungeon Crawl Stone Soup version 0.24.0-123-gd5b16e6ec5 (webtiles) character file.

Game seed: 11667655748502714651, levelgen mode: deterministic

546 FluffGlitter the Chiller (level 7, -7/36 HPs)
             Began as a Gargoyle Ice Elementalist on Jan 12, 2020.
             Was a Follower of Sif Muna.
             Mangled by an ogre
             ... wielding a +0 giant club
              (11 damage)
             ... on level 4 of the Dungeon.
             The game lasted 00:27:24 (5023 turns).

FluffGlitter the Chiller (GrIE)                     Turns: 5023, Time: 00:27:24

Health: -7/36      AC: 13    Str: 11    XL:     7   Next: 28%
Magic:  9/14       EV: 12    Int: 18    God:    Sif Muna [*.....]
Gold:   137        SH:  0    Dex: 10    Spells: 10/16 levels left

rFire    + . .     SeeInvis .   v - staff of poison
rCold    . . .     Gourm    .   (no shield)
rNeg     + . .     Faith    .   d - +0 robe
rPois    ∞         Spirit   .   (no helmet)
rElec    +         Reflect  .   (no cloak)
rCorr    .         Harm     .   (no gloves)
MR       .....                  (no boots)
Stlth    ++........             (no amulet)
HPRegen  0.12/turn              i - ring of protection from fire
MPRegen  0.14/turn              (no ring)

@: icy armour
A: negative energy resistance 1, electricity resistance, unbreathing,
petrification resistance, rot immunity, AC +4
a: Channel Magic, Renounce Religion


You were on level 4 of the Dungeon.
You worshipped Sif Muna.
Sif Muna was aware of your devotion.
You were not hungry.

You visited 1 branch of the dungeon, and saw 5 of its levels.

You collected 137 gold pieces.

Inventory:

Hand Weapons
 a - a +0 dagger
   (You took it off a goblin on level 1 of the Dungeon)
 b - a +0 hunting sling
   (You found it on level 2 of the Dungeon)
 h - a +0 whip
   (You found it on level 1 of the Dungeon)
Missiles
 g - 39 sling bullets
 j - 69 stones
 m - 6 poisoned darts (quivered)
Armour
 d - a +0 robe (worn)
   (You found it on level 1 of the Dungeon)
Magical Staves
 v - an uncursed staff of poison (weapon)
   (You found it on level 4 of the Dungeon)
Jewellery
 i - a ring of protection from fire (left hand)
   (You found it on level 3 of the Dungeon)
Wands
 r - a wand of enslavement (5)
   (You found it on level 3 of the Dungeon)
Scrolls
 f - a scroll of teleportation {unknown}
 k - a scroll of immolation {unknown}
 p - a scroll of enchant armour {unknown}
 t - a scroll of identify {@r1}
Potions
 c - a potion of invisibility {unknown}
 l - 4 potions of magic
 n - a potion of flight
 o - a potion of lignification {unknown}
 q - a potion of experience {unknown}
 u - a potion of mutation {unknown}
Comestibles
 e - 5 rations {!d}


   Skills:
 - Level 1.7 Dodging
 - Level 2.4 Stealth
 + Level 5.1 Spellcasting
 - Level 1.1 Conjurations
 + Level 6.0 Ice Magic


You had 10 spell levels left.
You knew the following spells:

 Your Spells              Type           Power        Failure   Level  Hunger
a - Freeze                Ice            ####         1%          1    None
b - Throw Frost           Conj/Ice       ###...       4%          2    #......
c - Ozocubu's Armour      Chrm/Ice       ###.....     12%         3    ##.....

Your spell library contained the following spells:

 Spells                   Type           Power        Failure   Level  Hunger
 Throw Icicle             Conj/Ice       ###.....     30%         4    ####...
 Summon Ice Beast         Ice/Summ       ###.....     36%         4    ####...


Dungeon Overview and Level Annotations

Branches:
Dungeon (5/15)
 Temple: D:4-7

Altars:
Fedhas
Gozag
Makhleb
Sif Muna
Trog
Uskayaw
Xom


Innate Abilities, Weirdness & Mutations

You are resistant to torment.
Your stone body is resilient. (AC +4)
You are immune to poison.
You resist negative energy. (rN+)
You are resistant to electric shocks. (rElec)
You can survive without breathing.
You are immune to petrification.
You are immune to rotting.


Message History

Edmund hits you with a +6 dire flail of crushing.
* * * LOW HITPOINT WARNING * * *
* * * LOW HITPOINT WARNING * * *
Okay, then.
You feel agile all of a sudden. Edmund closely misses you.
Aim: Edmund, wielding a +6 dire flail of crushing and wearing a +3 leather armour of magic resistance (heavily wounded)
You freeze Edmund! Edmund barely misses you.
Aim: Edmund, wielding a +6 dire flail of crushing and wearing a +3 leather armour of magic resistance (severely wounded)
You freeze Edmund! Edmund barely misses you.
Aim: Edmund, wielding a +6 dire flail of crushing and wearing a +3 leather armour of magic resistance (almost dead)
You freeze Edmund! Edmund completely misses you.
Aim: Edmund, wielding a +6 dire flail of crushing and wearing a +3 leather armour of magic resistance (almost dead)
You freeze Edmund.
You kill Edmund!
Sif Muna accepts your kill.
Your Spellcasting skill increases to level 5!
You have reached level 7!
Aim: a scorpion You freeze the scorpion!
The scorpion stings you.
* * * LOW HITPOINT WARNING * * *
Aim: a scorpion (heavily wounded)
You freeze the scorpion!
You kill the scorpion!
Sif Muna accepts your kill.
Your Ice Magic skill increases to level 6!
Your icy armour cracks and falls away as you move.
Found 2 glowing golden potions.
You start resting.
Some of the chunks of flesh in your inventory have rotted away.
An ogre comes into view. It is wielding a +0 giant club.
The ogre shouts!
You feel a little less agile now.
There is a stone staircase leading up here.
All of the chunks of flesh in your inventory have rotted away.
You climb upwards.
There is a stone staircase leading down here.
You start resting.
You start resting.
You climb downwards.
The ogre hits you with a +0 giant club!
There is a stone staircase leading up here.
A film of ice covers your body! The ogre closely misses you.
Aim: an ogre, wielding a +0 giant club You freeze the ogre.
The ogre hits you with a +0 giant club!!
Ouch! That really hurt!
* * * LOW HITPOINT WARNING * * *
Aim: an ogre, wielding a +0 giant club (lightly wounded)
You freeze the ogre. The ogre hits you with a +0 giant club!
You die...

##........####.##.##.
#..........# #.....#.
#.###....#.###..####.
#........#.........#.
###.....[#..##..##.#.
####..#..........##.#.
#<......#.....#..##.#.
#####..###....(......#.
#.....@O.#.........###.
#....##..#.........# #.
#....#...##....#.#.# #.
#....#..########>..# #.
#....#...÷)).# ##### #.
#.......####)# ##
#..........#.#
#####...#.####.#.#
#...#........#.#.##########


You could see an ogre.

Vanquished Creatures
  Edmund (D:4)
  An ogre (D:4)
  A scorpion (D:4)
  A crimson imp (D:3)
  A hound (D:4)
  An orc priest (D:4)
  An orc wizard (D:4)
  An iguana (D:4)
  A hound zombie (D:3)
  4 adders
  2 dart slugs
  2 leopard geckos
  7 orcs (D:4)
  A ball python (D:3)
  11 goblins
  9 hobgoblins
  6 jackals
  4 kobolds
  A quokka (D:2)
  7 bats
  6 frilled lizards
  4 rats
73 creatures vanquished.

Notes
Turn   | Place    | Note
-------+----------+-------------------------------------------
     0 | D:1      | FluffGlitter the Gargoyle Ice Elementalist began the quest
                  | for the Orb.
     0 | D:1      | Reached XP level 1. HP: 10/10 MP: 3/3
   250 | D:1      | Reached XP level 2. HP: 15/15 MP: 5/5
   698 | D:1      | Reached XP level 3. HP: 16/19 MP: 6/6
  1731 | D:2      | Found an opulent altar of Gozag.
  1884 | D:2      | Learned a level 2 spell: Throw Frost
  1888 | D:2      | Learned a level 3 spell: Ozocubu's Armour
  1946 | D:2      | Found a burning altar of Makhleb.
  1972 | D:2      | Reached XP level 4. HP: 24/24 MP: 8/8
  2035 | D:2      | Found a shimmering blue altar of Sif Muna.
  2046 | D:2      | Became a worshipper of Sif Muna the Loreminder
  2255 | D:2      | Found a hide-covered altar of Uskayaw.
  2344 | D:2      | Found a bloodstained altar of Trog.
  2597 | D:3      | Reached skill level 4 in Ice Magic
  2665 | D:3      | Found a shimmering altar of Xom.
  2667 | D:3      | Found a shimmering altar of Xom.
  2667 | D:3      | Found a shimmering altar of Xom.
  2669 | D:3      | Found a shimmering altar of Xom.
  2669 | D:3      | Found a shimmering altar of Xom.
  2708 | D:3      | Reached XP level 5. HP: 28/28 MP: 0/10
  3137 | D:3      | Found a blossoming altar of Fedhas.
  3892 | D:5      | Entered Level 5 of the Dungeon
  3970 | D:4      | Reached skill level 5 in Ice Magic
  3970 | D:4      | Reached XP level 6. HP: 32/32 MP: 8/12
  4560 | D:4      | Reached * piety under Sif Muna
  4738 | D:4      | Noticed Edmund
  4753 | D:4      | Killed Edmund
  4753 | D:4      | Reached skill level 5 in Spellcasting
  4753 | D:4      | Reached XP level 7. HP: 10/36 MP: 3/14
  4755 | D:4      | Reached skill level 6 in Ice Magic
  5023 | D:4      | Mangled by an ogre

Levels and vault maps discovered:
D:1:      minmay_arrival_loop, layout_basic
D:2:      layout_basic, overflow_temple_1_default, lemuel_crystal_altar,
          eat_drink_and_be_merry_uskayaw, nicolae_overflow_crystal_walls,
          minmay_misc_feat_rugged, grunt_gozag_statues
D:3:      layout_loops_cross, lemuel_crystal_altar, xom_redecorated
D:4:      layout_basic, uniq_edmund
D:5:      layout_cave_pools, old_standard_altar, minitemple, serial_glass,
          glass_columns_c, glass_columns_c, first_ration

Skill      XL: |  1  2  3  4  5  6  7 |
---------------+----------------------+-----
Spellcasting   | 3 4 5 |  5.1
Ice Magic      | 4 5 6 |  6.0
Dodging        | |  1.7
Stealth        | |  2.4
Conjurations   | |  1.1

Action                   |  1- 3 |  4- 6 |  7- 9 || total
-------------------------+-------+-------+-------++-------
Melee: Dagger            |   131 |    73 |       ||   204
       Unarmed           |     1 |       |       ||     1
       Staff             |       |    78 |       ||    78
 Fire: Hunting sling     |     6 |       |       ||     6
Throw: Stone             |     4 |       |       ||     4
       Dart              |       |     5 |       ||     5
 Cast: Freeze            |    22 |    42 |     5 ||    69
       Ozocubu's Armour  |       |    13 |     1 ||    14
       Throw Frost       |       |    11 |       ||    11
  Use: Scroll            |     1 |     5 |       ||     6
       Potion            |       |     1 |       ||     1
 Stab: Sleeping          |     3 |     1 |       ||     4
  Eat: Chunk             |     4 |     5 |       ||     9
       Ration            |       |     2 |       ||     2
Armor: Robe              |    45 |    77 |       ||   122
Dodge: Dodged            |   103 |   124 |     1 ||   228
